 Dungeon Sprint DCSS version 0.20.1-1-g8b1a95d (webtiles) character file.

54084 potatolord6000 the Messiah (level 14, -8/149 HPs)
             Began as a Hill Orc Fighter on Sept 1, 2017.
             Was the Champion of Beogh.
             Mangled by a phantasmal warrior (11 damage)
             ... summoned by a vampire mage
             ... in the Dungeon (Sprint VII: "The Pits").
             The game lasted 00:37:22 (4094 turns).

potatolord6000 the Messiah (Hill Orc Fighter)       Turns: 4094, Time: 00:37:22

Health: -8/149     AC: 25    Str: 35    XL:     14   Next: 71%
Magic:  2/28       EV:  8    Int:  8    God:    Beogh [******]
Gold:   32         SH: 29    Dex:  6    Spells: 13/13 levels left

rFire    + . .     SeeInvis +   c - +3 double sword
rCold    + . .     Gourm    .   g - +1 large shield
rNeg     . . .     Faith    .   D - +1 chain mail "Jivef" {rPois rC+ Str+7 Dex-4} (curse)
rPois    +         Spirit   .   (no helmet)
rElec    .         Reflect  +   E - +1 cloak
rCorr    .         Harm     .   i - +1 pair of gloves
MR       +....     NoTele   +   F - +0 pair of boots {Fly}
Stlth    ..........             d - +5 amulet of reflection
Regen    0.4/turn               k - ring "Xeif" {*Corrode rF+ Str+4 SInv}
MPRegen  0.3/turn               r - +3 ring of protection

@: flying, very slightly contaminated, heavily drained, invisible
A: walk on water
a: Smiting, Recall Orcish Followers, Give Item to Named Follower, Resurrection,
Renounce Religion, Stop Flying


You were in the Dungeon.
You worshipped Beogh.
Beogh was exalted by your worship.
You were very full.

You visited 1 branch You collected 32 gold pieces.

Inventory:

Hand Weapons
 c - a +3 double sword (weapon)
Armour
 g - a +1 large shield (worn)
 i - a +1 pair of gloves (worn)
 D - the cursed +1 chain mail "Jivef" (worn) {rPois rC+ Str+7 Dex-4}
   (You found it in the Dungeon)

   It affects your strength (+7).
   It affects your dexterity (-4).
   It protects you from cold.
   It protects you from poison.
   It has a curse placed upon it.
 E - a +1 cloak (worn)
 F - a +0 pair of boots of flying (worn)
Jewellery
 b - an uncursed ring of wizardry
 d - a +5 amulet of reflection (around neck)
 k - the ring "Xeif" (left hand) {*Corrode rF+ Str+4 SInv}
   (You took it off a nagaraja in the Dungeon)

   [ring of see invisible]

   It affects your strength (+4).
   It protects you from fire.
   It lets you see invisible.
   It may corrode you when you take damage.
 r - a +3 ring of protection (right hand)
Scrolls
 m - 5 scrolls of remove curse
 n - 5 scrolls of amnesia
 t - 2 scrolls of identify
 z - a scroll of blinking
 A - a scroll of fog
Potions
 j - 3 potions of berserk rage
Comestibles
 f - 8 bread rations
 p - 40 fruits
 q - 4 meat rations
 C - 4 royal jellies


   Skills:
 + Level 20.6(18.2) Fighting
 + Level 19.1(16.8) Long Blades
 + Level 19.3(16.9) Armour
 + Level 19.1(16.8) Shields
 + Level 21.7(19.2) Invocations


You had 13 spell levels left.
You didn't know any spells.

Dungeon Overview and Level Annotations

Branches:
Dungeon (1/1)

Altars:
Ashenzari
Cheibriados
Dithmenos
Elyvilon
Fedhas
Gozag
Hepliaklqana
Kikubaaqudgha
Makhleb
Nemelex Xobeh
Okawaru
Qazlal
Ru
Sif Muna
Trog
Uskayaw
Vehumet
Xom
Yredelemnul
Zin
The Shining One
Beogh
Jiyva
Lugonu

Annotations:
D Nergalle


Message History

The vampire mage gestures at you while chanting.
The bolt of negative energy hits Okrist.
Okrist is drained!
The bolt of negative energy hits Urug.
Urug is drained!
The bolt of negative energy hits you!
You feel drained.
* * * LOW HITPOINT WARNING * * *
The flying skull misses Okrist.
You block the phantasmal warrior's attack.
The flying skull gives a hideous shriek!
Urug looks more healthy.
The flying skull hits Okrist.
The vampire mage hits Okrist but does no damage.
The vampire mage bites Okrist.
The vampire mage draws strength from Okrist's injuries!
You block the phantasmal warrior's attack.
The flying skull hits Okrist but does no damage.
The flying skull gives a hideous shriek!
The vampire mage hits Okrist.
The vampire mage bites Okrist.
Okrist dies!
The phantasmal warrior hits you!
You die...

#'#
################'#
.................#
.....).....))....#
'##############))#
).(.#.#(#<#.[[#.)#
))#.#.#(#[#.#[#..#
).....#(#<#.[[#.W#
).#.#.#(#.##.##o@#
......#'#'#[.[#oo#
).#.#.#...#.#o#.z#
).........#.oo#[V#
..#.#.#.#.###o#WW#
..#...#[...)).#MW#
###############'†#
#')# §..†#


You could see a vampire mage (invisible), 2 shadow wraiths, a phantasmal
warrior, a hungry ghost, a flying skull (wandering), a mummy, the friendly
Gorbash the orc knight, the friendly Worak the orc knight and the friendly Urug.

Vanquished Creatures
  A pandemonium lord (D)
  A Brimstone Fiend (D)
  A deep elf master archer (D)
  2 titans (D)
  A sphinx (D)
  An Executioner (D)
  A deep elf sorcerer (D)
  A fire giant (D)
  An angel (D)
  An orc warlord (D)
  A draconian stormcaller (D)
  A vampire knight (D)
  A red draconian (D)
  A green draconian (D)
  A blizzard demon (D)
  A green death (D)
  A yaktaur captain (D)
  A naga warrior (D)
  An anaconda (D)
  A merfolk avatar (D)
  A death yak (D)
  3 vampire magi (D)
  An orc high priest (D)
  A spriggan (D)
  A sun demon (D)
  Sonja (D)
  4 deep elf knights (D)
  A fire crab (D)
  A shadow wraith (D)
  A sixfirhy (D)
  A flayed ghost (D)
  A phantasmal warrior (D)
  A swamp dragon (D)
  2 deep trolls (D)
  A wolf spider (D)
  2 orc knights (D)
  A necromancer (D)
  A deep elf mage (D)
  A cyclops (D)
  A rust devil (D)
  An orange demon (D)
  A komodo dragon (D)
  2 demonic crawlers (D)
  An efreet (D)
  2 yaktaurs (D)
  A freezing wraith (D)
  A wandering mushroom (D)
  A troll (D)
  A hornet (D)
  A jumping spider (D)
  2 flying skulls (D)
  An air elemental (D)
  A yak (D)
  A water elemental (D)
  A wraith (D)
  A vampire (D)
  A chaos spawn (D)
  7 vampire mosquitoes (D)
  A water moccasin (D)
  2 floating eyes (D)
  2 porcupines (D)
  An ice beast (D)
  A sky beast (D)
  Purgy (D)
  A black bear (D)
  A phantom (D)
  A centaur (D)
  A crocodile (D)
  A big kobold (D)
  A bullfrog (D)
  2 killer bees (D)
  A wight (D)
  2 hounds (D)
  An orc priest (D)
  2 iron imps (D)
  A mummy (D)
  3 gnolls (D)
  2 adders (D)
  2 river rats (D)
  An adder skeleton (D)
  An adder simulacrum (D)
  A bat skeleton (D)
  A giant cockroach (D)
  2 goblins (D)
  3 hobgoblins (D)
  A quokka (D)
  A bat (D)
  A frilled lizard (D)
  A leopard gecko zombie (D)
118 creatures vanquished.

Vanquished Creatures (collateral kills)
  A nagaraja (D)
  A white draconian (D)
  2 naga warriors (D)
  A merfolk avatar (D)
  2 vault guards (D)
  5 orc knights (D)
  2 guardian serpents (D)
  2 rust devils (D)
  A black mamba (D)
  2 yaktaurs (D)
  2 jumping spiders (D)
  A spriggan (D)
  2 air elementals (D)
  2 yaks (D)
  A steam dragon (D)
  An orc warrior (D)
  A big kobold (D)
  An earth elemental (D)
  A gnoll sergeant (D)
  A killer bee (D)
  4 wights (D)
  A hound (D)
  2 gnolls (D)
  An orc (D)
40 creatures vanquished.

Vanquished Creatures (others)
  A ghost moth (D)
  An orc warlord (D)
  An orc high priest (D)
  Nergalle (twice) (D)
  An unseen horror (D)
  5 orc knights (D)
  2 orc warriors (D)
  2 orcs (D)
  A quokka (D)
16 creatures vanquished.

Grand Total: 174 creatures vanquished

Notes
Turn   | Place    | Note
-------+----------+-------------------------------------------
     0 | D        | potatolord6000 the Hill Orc Fighter began the quest for the Orb.
     0 | D        | Reached XP level 1. HP: 19/19 MP: 1/1
    15 | D        | Reached XP level 2. HP: 24/27 MP: 2/2
    45 | D        | Found a bloodstained altar of Trog.
    45 | D        | Found a deep blue altar of Sif Muna.
    45 | D        | Found a viscous altar of Jiyva.
    45 | D        | Found a hazy altar of Hepliaklqana.
    45 | D        | Found an opulent altar of Gozag.
    46 | D        | Found a glowing golden altar of the Shining One.
    46 | D        | Found a glowing silver altar of Zin.
    46 | D        | Found a basalt altar of Yredelemnul.
    46 | D        | Found a shimmering altar of Xom.
    46 | D        | Found a sacrificial altar of Ru.
    46 | D        | Found a stormy altar of Qazlal.
    46 | D        | Found an iron altar of Okawaru.
    46 | D        | Found a sparkling altar of Nemelex Xobeh.
    46 | D        | Found a burning altar of Makhleb.
    46 | D        | Found a blossoming altar of Fedhas.
    46 | D        | Found a white marble altar of Elyvilon.
    46 | D        | Found a shadowy altar of Dithmenos.
    46 | D        | Found a snail-covered altar of Cheibriados.
    49 | D        | Found a corrupted altar of Lugonu.
    49 | D        | Found a radiant altar of Vehumet.
    49 | D        | Found a roughly hewn altar of Beogh.
    50 | D        | Found an ancient bone altar of Kikubaaqudgha.
    50 | D        | Found a hide-covered altar of Uskayaw.
    50 | D        | Found a shattered altar of Ashenzari.
    58 | D        | Became a worshipper of Beogh the Brigand
    79 | D        | Reached skill level 1 in Invocations
   138 | D        | Noticed a floating eye
   141 | D        | Reached skill level 2 in Invocations
   141 | D        | Reached XP level 3. HP: 35/35 MP: 4/4
   142 | D        | Paralysed by a floating eye for 2 turns
   145 | D        | Killed a floating eye
   145 | D        | Reached * piety under Beogh
   145 | D        | Reached skill level 5 in Long Blades
   145 | D        | Reached skill level 5 in Armour
   145 | D        | Reached skill level 5 in Shields
   145 | D        | Reached skill level 4 in Invocations
   145 | D        | Reached XP level 4. HP: 44/44 MP: 4/7
   145 | D        | Reached XP level 5. HP: 50/50 MP: 4/8
   195 | D        | Noticed a water moccasin
   207 | D        | Killed a water moccasin
   207 | D        | Reached ** piety under Beogh
   207 | D        | Reached skill level 6 in Invocations
   207 | D        | Reached XP level 6. HP: 40/60 MP: 8/10
   319 | D        | Noticed a phantom
   319 | D        | Noticed Purgy
   319 | D        | Noticed a flying skull
   320 | D        | Killed a flying skull
   320 | D        | Reached *** piety under Beogh
   320 | D        | Reached skill level 7 in Invocations
   322 | D        | Killed a phantom
   322 | D        | Reached skill level 8 in Invocations
   322 | D        | Reached XP level 7. HP: 69/69 MP: 4/13
   331 | D        | Killed Purgy
   417 | D        | Reached **** piety under Beogh
   417 | D        | Reached skill level 9 in Invocations
   538 | D        | Noticed a necromancer
   542 | D        | Killed a necromancer
   542 | D        | Reached skill level 10 in Fighting
   542 | D        | Reached XP level 8. HP: 42/79 MP: 10/15
   705 | D        | Noticed a flying skull
   720 | D        | Killed a flying skull
   720 | D        | Reached skill level 10 in Invocations
   801 | D        | Noticed a freezing wraith
   801 | D        | Noticed a demonic crawler
   804 | D        | Killed a demonic crawler
   804 | D        | Reached skill level 10 in Long Blades
   804 | D        | Reached skill level 10 in Armour
   804 | D        | Reached skill level 10 in Shields
   806 | D        | Killed a freezing wraith
   806 | D        | Reached skill level 11 in Invocations
   806 | D        | Reached XP level 9. HP: 89/89 MP: 3/17
   945 | D        | Noticed an orc high priest
   945 | D        | Noticed a phantasmal warrior
   951 | D        | Killed an orc high priest
   951 | D        | Reached ***** piety under Beogh
   951 | D        | Gained Okrist as an ally
   951 | D        | Reached skill level 12 in Invocations
   954 | D        | Killed a phantasmal warrior
   957 | D        | Noticed a vampire knight
   964 | D        | Killed a vampire knight
   964 | D        | Reached skill level 13 in Invocations
   964 | D        | Reached XP level 10. HP: 71/100 MP: 13/19
  1098 | D        | Noticed a deep troll
  1103 | D        | Killed a deep troll
  1109 | D        | Noticed a death yak
  1122 | D        | Killed a death yak
  1126 | D        | Reached ****** piety under Beogh
  1128 | D        | Reached skill level 14 in Invocations
  1261 | D        | Reached XP level 11. HP: 85/108 MP: 21/21
  1283 | D        | Paralysed by a floating eye for 3 turns
  1293 | D        | Noticed a deep troll
  1301 | D        | Killed a deep troll
  1302 | D        | Killed a shadow wraith
  1508 | D        | Noticed a sixfirhy
  1509 | D        | Noticed a swamp dragon
  1509 | D        | Noticed a blizzard demon
  1509 | D        | Noticed a deep elf mage
  1511 | D        | Killed a deep elf mage
  1511 | D        | Reached skill level 15 in Invocations
  1512 | D        | Killed a sixfirhy
  1515 | D        | Killed a blizzard demon
  1515 | D        | Killed an unseen horror
  1522 | D        | Killed a swamp dragon
  1522 | D        | Reached skill level 15 in Fighting
  1600 | D        | Got the amulet of Ulikhemn {Harm *Drain +Fly rPois MP-9 Str+2}
  1909 | D        | Noticed a merfolk avatar
  1919 | D        | Killed a merfolk avatar
  1925 | D        | Noticed a flayed ghost
  1928 | D        | Killed a flayed ghost
  1928 | D        | Reached skill level 16 in Invocations
  1999 | D        | Reached XP level 12. HP: 112/121 MP: 24/24
  2000 | D        | Gained Ogrik as an ally
  2085 | D        | Noticed a fire giant
  2085 | D        | Noticed a green death
  2085 | D        | Noticed a titan
  2085 | D        | Noticed Nergalle
  2085 | D        | Noticed a merfolk avatar
  2088 | D        | Killed a green death
  2091 | D        | Killed a fire giant
  2091 | D        | Reached skill level 15 in Armour
  2097 | D        | Reached skill level 15 in Shields
  2102 | D        | Your ally died
  2113 | D        | Killed a titan
  2113 | D        | Reached skill level 15 in Long Blades
  2113 | D        | Reached skill level 17 in Invocations
  2119 | D        | Killed a merfolk avatar
  2184 | D        | Noticed an orc warlord
  2184 | D        | Noticed an orc warlord
  2184 | D        | Noticed a vault guard
  2185 | D        | Noticed a deep elf knight
  2185 | D        | Noticed a vault guard
  2186 | D        | Noticed a red draconian
  2187 | D        | Noticed a deep elf knight
  2188 | D        | Noticed a naga warrior
  2188 | D        | Noticed a naga warrior
  2188 | D        | Noticed a yaktaur captain
  2188 | D        | Killed an orc warlord
  2193 | D        | Killed a deep elf knight
  2194 | D        | Gained Gorbash as an ally
  2194 | D        | Your ally died
  2195 | D        | Killed a deep elf knight
  2202 | D        | Your ally Ogrik died
  2207 | D        | Killed a naga warrior
  2207 | D        | Reached skill level 18 in Invocations
  2208 | D        | Killed a vault guard
  2208 | D        | Reached XP level 13. HP: 73/132 MP: 0/26
  2209 | D        | Killed a vault guard
  2214 | D        | Your ally Gorbash died
  2220 | D        | Killed a yaktaur captain
  2222 | D        | Killed a red draconian
  2233 | D        | Gained Worak as an ally
  2394 | D        | Got the cursed +1 chain mail "Jivef" {rPois rC+ Str+7 Dex-4}
  2672 | D        | Noticed Sonja
  2673 | D        | Killed Sonja
  2685 | D        | Noticed a white draconian
  2700 | D        | Killed a white draconian
  2711 | D        | Noticed a deep elf master archer
  2713 | D        | Killed a ghost moth
  2713 | D        | Reached skill level 19 in Invocations
  2729 | D        | Killed a deep elf master archer
  2735 | D        | Noticed a nagaraja
  2739 | D        | Killed a nagaraja
  2770 | D        | Got the ring "Xeif" {*Corrode rF+ Str+4 SInv}
  2783 | D        | Noticed Urug
  3400 | D        | Noticed a Brimstone Fiend
  3402 | D        | Killed a Brimstone Fiend
  3402 | D        | Reached skill level 20 in Invocations
  3466 | D        | Noticed an Executioner
  3469 | D        | Killed an Executioner
  3469 | D        | Reached XP level 14. HP: 113/146 MP: 21/28
  3574 | D        | Noticed Jovadust the pandemonium lord
  3580 | D        | Killed Jovadust the pandemonium lord
  3758 | D        | Noticed an angel
  3772 | D        | Killed an angel
  3799 | D        | Noticed a titan
  3804 | D        | Killed a titan
  4035 | D        | Noticed a green draconian stormcaller
  4036 | D        | Noticed a sphinx
  4037 | D        | Killed a green draconian stormcaller
  4037 | D        | Reached skill level 21 in Invocations
  4040 | D        | Noticed a deep elf sorcerer
  4040 | D        | Killed a sphinx
  4043 | D        | Killed a deep elf sorcerer
  4053 | D        | Noticed a green draconian
  4082 | D        | Killed a green draconian
  4092 | D        | HP: 2/149 [vampire mage/bolt of negative energy (17)]
  4094 | D        | Your ally Okrist died
  4094 | D        | Mangled by a phantasmal warrior

Skill      XL: |  1  2  3  4  5  6  7  8  9 10 11 12 13 14 |
---------------+-------------------------------------------+-----
Fighting       | 4 6 7 8 10 11 12 13 15 17 19 20 | 20.6
Long Blades    | 3 5 6 7 9 10 11 12 14 16 17 19 | 19.1
Armour         | 4 5 7 8 9 10 12 13 14 16 18 19 | 19.3
Shields        | 4 5 6 8 9 10 11 12 14 16 17 19 | 19.1
Invocations    | 2 4 6 8 9 11 13 14 16 18 20 21 | 21.7

Action                   |  1- 3 |  4- 6 |  7- 9 | 10-12 | 13-15 || total
-------------------------+-------+-------+-------+-------+-------++-------
Melee: Long sword        |    10 |    26 |    51 |   152 |    31 ||   270
       Double sword      |       |       |       |       |   126 ||   126
Invok: Smiting           |       |     2 |    17 |    37 |    35 ||    91
       Give Item to Name |       |       |       |     2 |     3 ||     5
       Resurrection      |       |       |       |     2 |     1 ||     3
       Recall Orcish Fol |       |       |       |     1 |     1 ||     2
  Use: Potion            |       |     2 |     2 |    18 |    16 ||    38
       Scroll            |       |       |     1 |     3 |     5 ||     9
 Stab: Distracted        |       |       |       |     2 |     2 ||     4
       Invisible         |       |       |       |     3 |       ||     3
  Eat: Meat ration       |       |       |     2 |       |     1 ||     3
       Royal jelly       |       |       |       |       |     2 ||     2
Armor: Scale mail        |     4 |     8 |       |       |       ||    12
       Chain mail        |       |       |    23 |       |    71 ||    94
       Plate armour      |       |       |     6 |   123 |     6 ||   135
Dodge: Dodged            |     2 |     7 |    19 |    58 |    35 ||   121
Block: Shield            |     2 |    12 |    33 |   164 |    27 ||   238
       Large shield      |       |       |       |       |   184 ||   184
       Reflection        |       |       |       |       |     1 ||     1
       Rpst.: Long sword |     1 |     3 |     6 |    12 |     2 ||    24
       Double sword      |       |       |       |       |     5 ||     5
